 Dungeon Crawl Stone Soup version 0.31.0-9-g3a7656b989 (webtiles) character file.

Game seed: 4038726435658780505

49 qw the Shooter (level 3, 0/20 HPs)
             Began as a Deep Elf Hunter on Feb 2, 2024.
             Slain by a goblin
             ... wielding a +0 dagger
             ... led by Robin
              (5 damage)
             ... on level 2 of the Dungeon.
             The game lasted 00:00:04 (742 turns).

qw the Shooter (Deep Elf Hunter)                     Turns: 742, Time: 00:00:04

Health: 0/20       AC:  3    Str: 10    XL:     3   Next: 53%
Magic:  5/5        EV: 17    Int: 13    God:
Gold:   38         SH:  0    Dex: 18    Spells: 2/2 levels left

rFire   . . .        a - +0 shortbow
rCold   + . .        (shield currently unavailable)
rNeg    . . .        c - +0 leather armour
rPois   .            (no helmet)
rElec   .            (no cloak)
rCorr   .            (no gloves)
SInv    .            (no boots)
Will    .....        (no amulet)
Stlth   ++           f - +5 ring of evasion
HPRegen 0.23/turn    g - ring of protection from cold
MPRegen 0.09/turn

%: no passive effects
@: no status effects
A: no striking features
a: no special abilities


You were on level 2 of the Dungeon.
You visited 1 branch of the dungeon, and saw 2 of its levels.

You collected 38 gold pieces.


   Skills:
 - Level 1.5 Fighting
 + Level 7.1 Ranged Weapons
 - Level 2.4 Dodging
 - Level 1.2 Stealth


You had 2 spell levels left.
You didn't know any spells.
Your spell library was empty.

Inventory:

Hand Weapons
 a - a +0 shortbow (weapon)
Armour
 c - a +0 leather armour (worn)
Jewellery
 b - a ring of poison resistance
 f - a +5 ring of evasion (left hand)
 g - a ring of protection from cold (right hand)

Dungeon Overview and Level Annotations

Branches:
Dungeon (2/15)

Altars:

Shops:
D:2 !(


Message History

Robin roars a battlecry!
The goblins go into a battle-frenzy!
The goblin closely misses you.
You shoot an arrow. The arrow barely misses Robin.
The goblin completely misses you. Robin barely misses you.
The goblin hits you with a +0 dagger. The goblin misses you.
You shoot an arrow. The arrow hits Robin.
Robin is moderately wounded.
Robin hits you with a +3 club. The goblin closely misses you. x2
The goblin misses you.
You shoot an arrow.
The arrow hits Robin but does no damage.
Robin is moderately wounded.
The goblin misses you. The goblin closely misses you.
The goblin hits you with a +0 dagger.
You shoot an arrow. The arrow hits Robin.
Robin is severely wounded.
The goblin closely misses you. Robin misses you. The goblin misses you.
The goblin closely misses you.
You shoot an arrow.
The arrow hits Robin but does no damage.
Robin is severely wounded.
The goblin barely misses you. x2; The goblin hits you but does no damage.
You shoot an arrow.
The arrow hits Robin but does no damage.
Robin is severely wounded.
The goblin misses you. The goblin barely misses you.
The goblin completely misses you.
You shoot an arrow. The arrow hits Robin.
You kill Robin!
The goblin hits you with a +0 dagger. The goblin hits you with a +0 club.
The goblin closely misses you.
Your Ranged Weapons skill increases to level 7!
You shoot an arrow.
The arrow hits the goblin but does no damage.
The goblin misses you. The goblin closely misses you.
The goblin barely misses you.
You shoot an arrow. The arrow closely misses the goblin.
The goblin hits you with a +0 dagger.
You die...

........# ........#
#............. ........#
............. ........#
......)..... ........#
......!.... #..######
.......... ##.#
.\.......
##.#############))......
##.....#.......g@g......
..####.#.......g##......
#.# #.#................
#.# #..................
#.# ##.....)...........
#.# #.####)###........
#.# #..# #.# ##......
#.# ##.###.# .....
#.######.....# .....


You could see 3 goblins.

Vanquished Creatures
  Robin (D:2)
  2 bats (D:1)
  2 endoplasms (D:1)
  9 goblins
  7 hobgoblins
  3 quokkas (D:1)
  A ball python (D:2)
  7 kobolds (D:1)
32 creatures vanquished.

Notes
Turn   | Place    | Note
-------+----------+-------------------------------------------
     0 | D:1      | qw the Deep Elf Hunter began the quest for the Orb.
     0 | D:1      | Reached XP level 1. HP: 12/12 MP: 3/3
     0 | D:1      | 0 ||| qw: Version: 0.3-a-155-g5e7d8dd
     0 | D:1      | 0 ||| qw: Game counter: 2051
     0 | D:1      | 0 ||| qw: Melee chars always use a shield: true
     0 | D:1      | 0 ||| qw: God list: Okawaru
     0 | D:1      | 0 ||| qw: Allow faded altars: false
     0 | D:1      | 0 ||| qw: Do Orc after clearing Dungeon:15 true
     0 | D:1      | 0 ||| qw: Do second Lair branch before Depths: true
     0 | D:1      | 0 ||| qw: Lair rune preference: random
     0 | D:1      | 0 ||| qw: Goals: Normal
     0 | D:1      | 0 ||| PLANNING D:1-11
    65 | D:1      | Reached skill level 6 in Ranged Weapons
    65 | D:1      | Reached XP level 2. HP: 16/16 MP: 4/4
   416 | D:1      | 416 ||| UPGRADING to +5 ring of evasion.
   417 | D:1      | 417 ||| UPGRADING to ring of protection from cold.
   418 | D:1      | 418 ||| READING scroll labelled FYNIEG PECLIUFF.
   418 | D:1      | 418 ||| IDENTIFYING clear potion
   419 | D:1      | 419 ||| READING scroll labelled AVVUINO ANWESE.
   420 | D:1      | 420 ||| READING scroll labelled VYVUHY NOSOK.
   521 | D:1      | 521 ||| DROPPING scroll of butterflies.
   561 | D:2      | Found Hongeom's Distillery.
   582 | D:2      | 582 ||| SHOPLISTING 2 potions of haste (280 gold, have 28).
   582 | D:2      | 582 ||| SHOPLISTING 2 potions of heal wounds (140 gold,
                  | have 28).
   582 | D:2      | 582 ||| SHOPLISTING potion of curing (42 gold, have 28).
   582 | D:2      | 582 ||| SHOPLISTING potion of heal wounds (70 gold, have
                  | 28).
   672 | D:2      | Found Domnef's Weapon Boutique.
   682 | D:2      | 682 ||| RETREEEEATING.
   683 | D:2      | 683 ||| RETREEEEATING.
   684 | D:2      | 684 ||| RETREEEEATING.
   685 | D:2      | 685 ||| RETREEEEATING.
   691 | D:2      | Reached XP level 3. HP: 20/20 MP: 5/5
   717 | D:2      | Noticed Robin
   731 | D:2      | HP: 5/20 [Robin/+3 club (4)]
   731 | D:2      | HP: 2/20 [goblin/+0 dagger[Robin] (3)]
   732 | D:2      | 732 ||| DRINKING potion of heal wounds.
   740 | D:2      | Killed Robin
   740 | D:2      | HP: 5/20 [goblin/+0 club[Robin] (3)]
   741 | D:2      | Reached skill level 7 in Ranged Weapons
   742 | D:2      | Slain by a goblin

Levels and vault maps discovered:
D:1:      dpeg_arrival_radiant, layout_rooms
D:2:      layout_basic, serial_shops, nicolae_shop_advertising_works
          [nicolae_subvault_shop_adworks], nicolae_shop_statue_plus, shop,
          uniq_robin, uniq_natasha

Skill      XL: |  1  2  3 |
---------------+----------+-----
Ranged Weapons | 6 7 |  7.1
Fighting       | |  1.5
Dodging        | |  2.4
Stealth        | |  1.2

Action                     || total
---------------------------++-------
   Fire: Shortbow          ||    97
    Use: Scroll            ||     3
         Potion            ||     1
 Armour: Leather armour    ||    33
  Dodge: Dodged            ||    72

Table legend:
 A = Non-vault XP
 B = Vault XP
 C = Vault XP percentage of total XP
 D = Non-vault monster count
 E = Vault monster count
 F = Vault count percentage of total count
                 A         B        C        D         E       F
            +---------+---------+-------+---------+---------+-------
      Total |      38 |      33 |  46.5 |      22 |      10 |  31.2
            +---------+---------+-------+---------+---------+-------
        D:1 |      35 |       0 |   0.0 |      20 |       0 |   0.0
        D:2 |       3 |      33 |  91.7 |       2 |      10 |  83.3
            +---------+---------+-------+---------+---------+-------
